 Dungeon Sprint DCSS version 0.21.0-24-g2553a33 (webtiles) character file.

3354 letownia2 the Brawler (level 9, -12/132 HPs)
             Began as a Troll Wizard on Jan 20, 2018.
             Was an Initiate of Gozag.
             Mangled by a tyrant leech (14 damage)
             ... in the Dungeon (Sprint II: "The Violet Keep of Menkaure").
             The game lasted 00:04:07 (468 turns).

letownia2 the Brawler (Troll Wizard)                 Turns: 468, Time: 00:04:08

Health: -12/132    AC:  5    Str: 22    XL:     9   Next: 73%
Magic:  1/12       EV: 16    Int: 17    God:    Gozag
Gold:   1143       SH:  0    Dex: 13    Spells: 7/16 levels left

rFire    . . .     SeeInvis .     - Unarmed
rCold    . . .     Gourm    +   (no shield)
rNeg     . . .     Faith    .   a - +0 robe
rPois    .         Spirit   .   b - +0 hat
rElec    .         Reflect  .   (no cloak)
rCorr    .         Harm     .   (gloves unavailable)
MR       .....     NoTele   +   (boots unavailable)
Stlth    ..........             (no amulet)
HPRegen  0.72/turn              (no ring)
MPRegen  0.13/turn              (no ring)

@: agile, berserking, hasted, very quick
A: large, unfitting armour, claws 3, fast metabolism 3, gourmand, low mp 1,
regeneration 1, shaggy fur 1, tough skin 2
a: Potion Petition, Call Merchant, Bribe Branch, Renounce Religion


You were in the Dungeon.
You worshipped Gozag.
Gozag was most pleased with you.
You were not hungry.

You visited 1 branch You collected 1143 gold pieces.

Inventory:

Armour
 a - a +0 robe (worn)
 b - a +0 hat (worn)
Scrolls
 j - a scroll of blinking
Potions
 f - a potion of heal wounds
 h - 2 potions of magic
Books
 c - a book of Minor Magic

   Spells                             Type                      Level
   a - Magic Dart                     Conjuration                  1
   b - Blink                          Translocation                2
   c - Call Imp                       Summoning                    2
   d - Slow                           Hexes                        2
   e - Conjure Flame                  Conjuration/Fire             3
   f - Mephitic Cloud                 Conjuration/Poison/Air       3
Comestibles
 d - 2 rations


   Skills:
 + Level 5.4 Fighting
 - Level 2.8 Dodging
 - Level 1.0 Stealth
 + Level 16.5 Unarmed Combat
 - Level 4.3 Spellcasting
 - Level 5.3 Conjurations
   Level 0.6 Summonings
 - Level 2.1 Translocations
 - Level 4.4 Fire Magic
 - Level 2.2 Air Magic
 - Level 2.5 Poison Magic


You had 7 spell levels left.
You knew the following spells:

 Your Spells              Type           Power        Failure   Level  Hunger
a - Magic Dart            Conj           ###.         1%          1    None
b - Blink                 Tloc           N/A          10%         2    ##.....
c - Conjure Flame         Conj/Fire      ###.....     6%          3    ###....
e - Mephitic Cloud        Conj/Pois/Air  ###.....     12%         3    ###....


Dungeon Overview and Level Annotations

Branches:
Dungeon (1/1)

Altars:
Cheibriados
Dithmenos
Elyvilon
Fedhas
Gozag
Hepliaklqana
Kikubaaqudgha
Makhleb
Nemelex Xobeh
Okawaru
Qazlal
Ru
Sif Muna
Trog
Uskayaw
Vehumet
Wu Jian
Xom
Yredelemnul
Zin
The Shining One
Beogh
Jiyva
Lugonu

Shops:
D =*:}=%[?(!%([!:?

Annotations:
D exclusions: ice statue and oklob plant


Innate Abilities, Weirdness & Mutations

You are too large for most types of armour.
You have claws for hands.
Your metabolism is lightning-fast.
You like to eat raw meat.
Your natural rate of healing is unusually fast.
You are covered in fur. (AC +1)
You have very tough skin. (AC +2)
Your magical capacity is low. (-10% MP)


Message History

You feel agile all of a sudden.
The tyrant leech is engulfed in blazing flames.
The tyrant leech bites you!!
* * * LOW HITPOINT WARNING * * *
The tyrant leech draws strength from your injuries!
Unknown command.
Unknown command.
Unknown command.
Unknown command.
Unknown command.
You closely miss the tyrant leech. Your claw misses the tyrant leech.
The tyrant leech is severely wounded.
The skeletal warrior hits you from afar with a glaive!
* * * LOW HITPOINT WARNING * * *
Unknown command.
You claw the tyrant leech!
The tyrant leech is almost dead.
The tyrant leech bites you!
You die...
Your body crumbles into a pile of gold.

##########≈≈#$'+#+++##
##########≈≈≈..(......#
#∩.......#≈≈≈(.##'##..#
#.∩.....∩#≈≈≈≈##.#.##.##
#∩.∩...∩.#≈≈≈≈#..#..#...
#.∩.∩.∩.∩#≈≈#####.#####.
#..∩.∩.∩.#≈##.###'###.##
#...∩.∩..#≈#.$.##.##)###
#....⌠.@wzr'###'.<)'##.+
#.......w#≈#...##.##...#
▓▓▓▓▓▓▓###≈##.###+###.##
#?FF######≈≈### $ ###≈
#$hh# ##≈≈≈ #≈≈≈ #∩P? $
'#≈# #≈≈≈ #$. !#≈≈ #≈≈≈≈
#[$ ## ≈≈ ≈≈≈≈≈ ++#≈≈


You could see a skeletal warrior, 2 tyrant leeches, 2 hell hogs, an oklob plant,
2 spiny frogs and a hell rat.

Vanquished Creatures
  Kirke (D)
  A yaktaur captain (D)
  2 shining eyes (D)
  A kobold demonologist (D)
  A crocodile (D)
  4 worker ants (D)
  3 worms (D)
13 creatures vanquished.

Vanquished Creatures (others)
  A centaur warrior (D)
  A shining eye (D)
  An elephant (D)
  Menkaure (D)
  A crocodile (D)
5 creatures vanquished.

Grand Total: 18 creatures vanquished

Notes
Turn   | Place    | Note
-------+----------+-------------------------------------------
     0 | D        | letownia2 the Troll Wizard began the quest for the Orb.
     0 | D        | Reached XP level 1. HP: 16/16 MP: 2/2
     1 | D        | Noticed a worker ant
     1 | D        | Noticed a worker ant
    10 | D        | Killed a crocodile
    12 | D        | Killed a worker ant
    12 | D        | Reached skill level 4 in Unarmed Combat
    12 | D        | Reached XP level 2. HP: 9/29 MP: 4/4
    58 | D        | Killed Menkaure
    63 | D        | Reached skill level 5 in Unarmed Combat
    63 | D        | Reached XP level 3. HP: 36/36 MP: 5/5
    68 | D        | Learned a level 3 spell: Mephitic Cloud
    75 | D        | Reached skill level 6 in Unarmed Combat
    75 | D        | Reached skill level 1 in Conjurations
    75 | D        | Reached XP level 4. HP: 44/44 MP: 6/6
    79 | D        | Reached skill level 1 in Air Magic
    79 | D        | Reached skill level 1 in Poison Magic
    80 | D        | Noticed an ice statue
    83 | D        | Noticed a crocodile
    85 | D        | Found Echyngir's Book Boutique.
    85 | D        | Found Zuityseqo's Magic Scroll Shop.
    89 | D        | Found Uruops's Antique Armour Boutique.
    89 | D        | Found Mistrag's Distillery.
    91 | D        | Found Necsuni's Food Boutique.
    91 | D        | Found Byzosha Qant's Antique Weapon Shop.
    94 | D        | Killed a crocodile
    94 | D        | Reached skill level 7 in Unarmed Combat
    94 | D        | Reached XP level 5. HP: 23/50 MP: 3/7
    99 | D        | Learned a level 3 spell: Conjure Flame
   230 | D        | Found a snail-covered altar of Cheibriados.
   235 | D        | Found a shadowy altar of Dithmenos.
   235 | D        | Found a roughly hewn altar of Beogh.
   235 | D        | Found a viscous altar of Jiyva.
   236 | D        | Found a white marble altar of Elyvilon.
   236 | D        | Found an ancient bone altar of Kikubaaqudgha.
   237 | D        | Found a blossoming altar of Fedhas.
   237 | D        | Found a corrupted altar of Lugonu.
   237 | D        | Found a deep blue altar of Sif Muna.
   238 | D        | Found an opulent altar of Gozag.
   238 | D        | Found a burning altar of Makhleb.
   238 | D        | Found a bloodstained altar of Trog.
   239 | D        | Found a sparkling altar of Nemelex Xobeh.
   239 | D        | Found a hide-covered altar of Uskayaw.
   240 | D        | Found a basalt altar of Yredelemnul.
   241 | D        | Found an iron altar of Okawaru.
   241 | D        | Found a radiant altar of Vehumet.
   241 | D        | Found a glowing silver altar of Zin.
   241 | D        | Found a hazy altar of Hepliaklqana.
   241 | D        | Found a sacrificial altar of Ru.
   241 | D        | Found a shimmering altar of Xom.
   242 | D        | Found a stormy altar of Qazlal.
   242 | D        | Found an ornate altar of the Wu Jian Council.
   242 | D        | Found a glowing golden altar of the Shining One.
   244 | D        | Noticed a crocodile
   245 | D        | Noticed a crocodile
   247 | D        | Became a worshipper of Gozag Ym Sagoz the Greedy
   263 | D        | Reached skill level 8 in Unarmed Combat
   297 | D        | Noticed Kirke
   297 | D        | Noticed a yaktaur captain
   297 | D        | Noticed a kobold demonologist
   299 | D        | Noticed a skeletal warrior
   325 | D        | Killed a yaktaur captain
   325 | D        | Reached skill level 11 in Unarmed Combat
   325 | D        | Reached skill level 5 in Conjurations
   325 | D        | Reached XP level 6. HP: 32/58 MP: 7/11
   325 | D        | Reached XP level 7. HP: 36/66 MP: 7/12
   333 | D        | Killed Kirke
   333 | D        | Reached skill level 15 in Unarmed Combat
   333 | D        | Reached XP level 8. HP: 18/74 MP: 7/13
   333 | D        | Reached XP level 9. HP: 19/80 MP: 7/14
   338 | D        | Learned a level 2 spell: Blink
   344 | D        | Killed a kobold demonologist
   349 | D        | Killed a shining eye
   418 | D        | Killed an elephant
   419 | D        | Killed a centaur warrior
   430 | D        | Noticed a shining eye
   430 | D        | Found Azxaraats's Weapon Boutique.
   430 | D        | Found Huwazxouxu's Distillery.
   430 | D        | Found Nuxke's Magic Scroll Shop.
   430 | D        | Noticed a shining eye
   430 | D        | Noticed a tyrant leech
   432 | D        | Gained mutation: Your magical capacity is low. (-10% MP) [a shining eye]
   443 | D        | Killed a shining eye
   443 | D        | Reached skill level 16 in Unarmed Combat
   448 | D        | Killed a shining eye
   448 | D        | Reached skill level 5 in Fighting
   449 | D        | Found Hyexisen's Antique Armour Shop.
   449 | D        | Found Pohubbaomy's Food Boutique.
   449 | D        | Noticed a spiny frog
   450 | D        | Found Ypreny's Jewellery Boutique.
   450 | D        | Found Yllex's Gadget Shop.
   450 | D        | Noticed a spiny frog
   450 | D        | Noticed an oklob plant
   451 | D        | Noticed a hell hog
   451 | D        | Found Kyeco's Assorted Antiques.
   451 | D        | Found Wedawuon's Jewellery Boutique.
   451 | D        | Found Dohinom's Book Shoppe.
   452 | D        | Noticed a hell hog
   453 | D        | Noticed a tyrant leech
   467 | D        | HP: 2/132 [skeletal warrior/glaive (15)]
   468 | D        | Mangled by a tyrant leech

Skill      XL: |  1  2  3  4  5  6  7  8  9 |
---------------+----------------------------+-----
Fighting       | 2 5 |  5.4
Unarmed Combat | 4 5 6 7 11 15 16 | 16.5
Conjurations   | 1 2 5 |  5.3
Air Magic      | 2 |  2.2
Poison Magic   | 2 |  2.5
Spellcasting   | 4 |  4.3
Fire Magic     | 4 |  4.4
Dodging        | 2 |  2.8
Translocations | 2 |  2.1
Stealth        | |  1.0
Summonings     | |  0.6

Action                   |  1- 3 |  4- 6 |  7- 9 || total
-------------------------+-------+-------+-------++-------
Melee: Unarmed           |    14 |    23 |    21 ||    58
       Punch             |     1 |     2 |     3 ||     6
 Cast: Mephitic Cloud    |       |     1 |     1 ||     2
       Conjure Flame     |       |       |     5 ||     5
       Blink             |       |       |     1 ||     1
Invok: Potion Petition   |       |       |     1 ||     1
  Use: Potion            |     1 |     1 |     1 ||     3
  Eat: Chunk             |     2 |       |       ||     2
Armor: Robe              |     1 |     2 |       ||     3
Dodge: Dodged            |    10 |     4 |     2 ||    16
